 Dungeon Crawl Stone Soup version 0.25.0-15-gac7dcb8919 (webtiles) character file.

Game seed: 6640643273647549193

161 MaCx the Firebug (level 5, -3/41 HPs)
             Began as a Draconian Fire Elementalist on June 29, 2020.
             Slain by a bullfrog (5 damage)
             ... on level 3 of the Dungeon.
             The game lasted 00:10:40 (3069 turns).

MaCx the Firebug (Draconian Fire Elementalist)      Turns: 3069, Time: 00:10:42

Health: -3/41      AC:  5    Str: 11    XL:     5   Next: 18%
Magic:  7/9        EV: 12    Int: 16    God:
Gold:   73         SH:  0    Dex: 11    Spells: 9/10 levels left

rFire    . . .     SeeInvis .   n - +1 short sword (venom)
rCold    + . .     Gourm    .   (no shield)
rNeg     . . .     Faith    .   (armour unavailable)
rPois    .         Spirit   .   (helmet restricted)
rElec    .         Reflect  .   (no cloak)
rCorr    .         Harm     .   (no gloves)
MR       .....                  (no boots)
Stlth    ++........             (no amulet)
HPRegen  0.13/turn              i - ring of protection from cold
MPRegen  0.11/turn              (no ring)

@: no status effects
A: unfitting armour, cold-blooded, AC +5
a: no special abilities


You were on level 3 of the Dungeon.
You were not hungry.

You visited 1 branch of the dungeon, and saw 3 of its levels.

You collected 73 gold pieces.

Inventory:

Hand Weapons
 a - a +0 dagger
 m - a cursed -3 dagger
 n - a +1 short sword of venom (weapon)
Missiles
 f - 76 stones (quivered)
 g - 24 poisoned darts
Jewellery
 i - a ring of protection from cold (left hand)
 o - an uncursed ring of poison resistance {unknown}
 q - an uncursed ring of protection from fire {unknown}
Scrolls
 c - a scroll of enchant armour {unknown}
 e - 5 scrolls of identify {unknown}
 h - a scroll of remove curse {unknown}
 l - 2 scrolls of fog {unknown}
Potions
 d - 2 potions of curing {unknown}
 j - a potion of haste {unknown}
 k - a potion of invisibility {unknown}
 p - a potion of heal wounds {unknown}
 s - a potion of degeneration {unknown}
Comestibles
 b - 3 rations
 r - 2 chunks of flesh


   Skills:
 * Level 1.6 Fighting
 - Level 1.7 Dodging
 - Level 1.7 Stealth
 + Level 3.1 Spellcasting
 + Level 2.7 Conjurations
 + Level 4.1 Fire Magic


You had 9 spell levels left.
You knew the following spells:

 Your Spells              Type           Power        Failure   Level  Hunger
a - Foxfire               Conj/Fire      ##..         4%          1    None

Your spell library contained the following spells:

 Spells                   Type           Power        Failure   Level  Hunger
 Conjure Flame            Conj/Fire      ##......     14%         3    ###....
 Animate Skeleton         Necr           N/A          19%         1    None
 Pain                     Necr           #...         19%         1    None
 Summon Small Mammal      Summ           #...         19%         1    None
 Inner Flame              Hex/Fire       #.......     24%         3    ###....
 Call Imp                 Summ           #.......     28%         2    ##.....
 Sticky Flame             Conj/Fire      ##......     41%         4    ####...
 Call Canine Familiar     Summ           #.......     50%         3    ###....
 Summon Guardian Golem    Hex/Summ       #.......     50%         3    ###....
 Vampiric Draining        Necr           #.........   50%         3    ###....
 Fireball                 Conj/Fire      ##........   77%         5    ######.
 Animate Dead             Necr           N/A          88%         4    ####...
 Summon Ice Beast         Ice/Summ       #.......     88%         4    ####...
 Summon Lightning Spire   Summ/Air       #.......     88%         4    ####...
 Agony                    Necr           #.......     99%         5    ######.


Dungeon Overview and Level Annotations

Branches:
Dungeon (3/15)

Altars:


Innate Abilities, Weirdness & Mutations

Your plain brown scales are hard. (AC +5)
You cannot fit into any form of body armour.
You are cold-blooded and may be slowed by cold attacks.


Message History

The bullfrog barely misses you. The bullfrog hits you.
The bullfrog closely misses you. The bullfrog barely misses you.
The bullfrog hits you.
* * * LOW HITPOINT WARNING * * *
You see here a +0 leather armour.
The bullfrog barely misses you.
Casting: Foxfire (safe; 4% risk of failure)
Confirm with . or Enter, or press ? or * to list all spells.
You conjure some foxfire!
The bullfrog hits you.
* * * LOW HITPOINT WARNING * * *
Casting: Foxfire (safe; 4% risk of failure)
Confirm with . or Enter, or press ? or * to list all spells.
You conjure some foxfire!
The foxfire hits the bullfrog.
The bullfrog is moderately wounded.
The bullfrog hits you.
* * * LOW HITPOINT WARNING * * *
The bullfrog hits you.
You die...

#..## #....#..###..# #. ##.##
#..#...## #.###. #...# #....#..#
.#... #...# ####.#.##.#.# #.#.
#...# #.........##.# ##.##
#...######.#.......######.###
#........#.#........####.#.#.
.###..>####.#.#vv.........#.##..
...............#@v).).#....##.###
................F..........# #.#
..............##...####....# #.#
..###...####.###.(.........# #.
## #.... ...# #..#.######## .
#...########.###.## #...# #.##
##.# #... ##.###.## ##### #.
#<.#...## #...#


You could see a bullfrog.

Vanquished Creatures
  An orc wizard (D:3)
  An orc priest (D:3)
  4 adders
  A worm (D:3)
  2 dart slugs
  4 leopard geckos
  3 orcs (D:3)
  3 giant cockroaches
  6 goblins
  4 hobgoblins
  4 jackals (D:3)
  7 kobolds
  A quokka (D:2)
  6 bats
  2 frilled lizards
  3 rats
52 creatures vanquished.

Vanquished Creatures (collateral kills)
  2 goblins (D:1)
2 creatures vanquished.

Vanquished Creatures (others)
  80 foxfires
80 creatures vanquished.

Grand Total: 134 creatures vanquished

Notes
Turn   | Place    | Note
-------+----------+-------------------------------------------
     0 | D:1      | MaCx the Draconian Fire Elementalist began the quest for
                  | the Orb.
     0 | D:1      | Reached XP level 1. HP: 14/14 MP: 3/3
   545 | D:1      | Reached XP level 2. HP: 19/20 MP: 1/5
  1322 | D:2      | Reached XP level 3. HP: 26/26 MP: 2/6
  2023 | D:2      | Reached XP level 4. HP: 33/33 MP: 5/8
  2832 | D:3      | Reached skill level 1 in Fighting
  2832 | D:3      | Reached skill level 4 in Fire Magic
  2864 | D:3      | Reached XP level 5. HP: 27/41 MP: 4/9
  3069 | D:3      | HP: 2/41 [bullfrog (5)]
  3069 | D:3      | Slain by a bullfrog

Illustrated notes

Levels and vault maps discovered:
D:1:      lightli_arrival_farm, layout_loops_ring
D:2:      layout_basic
D:3:      layout_loops_cross, marbit_many_paths, lemuel_blue_sif_altar,
          amethyst_overflow_temple_binary, grunt_ministairs_6

Skill      XL: |  1  2  3  4 |
---------------+-------------+-----
Conjurations   | 2 |  2.7
Fighting       | 1 |  1.6
Spellcasting   | 3 |  3.1
Fire Magic     | 4 |  4.1
Dodging        | |  1.7
Stealth        | |  1.7

Action                   |  1- 3 |  4- 6 || total
-------------------------+-------+-------++-------
Melee: Unarmed           |    31 |       ||    31
       Tailslap          |     5 |     4 ||     9
       Club              |    16 |       ||    16
       Dagger            |    23 |    38 ||    61
Throw: Dart              |     3 |       ||     3
 Cast: Foxfire           |    39 |    23 ||    62
 Stab: Sleeping          |     3 |     3 ||     6
  Eat: Chunk             |     4 |     3 ||     7
Armor: Skin              |    30 |    13 ||    43
Dodge: Dodged            |    64 |    38 ||   102
